[Event "Titled Tuesday Blitz July 25 Early 2023"]
[White "Martinez Alcantara, Jose Eduardo"]
[Black "Cordova, Emilio"]
[WhiteFideId "3805662"]
[BlackFideId "3801497"]
[WhiteElo "2987"]
[BlackElo "2826"]
[Result "1/2-1/2"]
[Round "4"]
[TimeControl "180+2"]
[Date "2023.07.25"]
[WhiteClock "0:00:14"]
[BlackClock "0:00:10"]
[Board "10"]

1. e4 c5 2. Nf3 Nc6 3. c3 d5 4. exd5 Qxd5 5. d4 Nf6 6. Be3 Bg4 7. Be2 cxd4 8. cxd4 e6 9. Nc3 Qd6 10. Qb3 Qb4 11. h3 Bh5 12. g4 Bg6 13. Ne5 Qxb3 14. axb3 Bb4 15. O-O O-O 16. Bf3 Rfc8 17. Nxg6 hxg6 18. g5 Nd7 19. Rac1 Na5 20. Na2 Bd6 21. b4 Nc6 22. b5 Ne7 23. Nc3 Rab8 24. Ne4 Bc7 25. Nc5 Nxc5 26. dxc5 b6 27. c6 Be5 28. Ra1 Rc7 29. Rfd1 Nf5 30. Rd7 Rxd7 31. cxd7 Nxe3 32. fxe3 Rd8 33. Rxa7 Kf8 34. Rb7 Ke7 35. Bc6 Rb8 36. d8=Q+ Kxd8 37. Rxf7 Bxb2 38. Rd7+ Kc8 39. Rd6 Kc7 40. Rd7+ Kc8 41. Rd6 Kc7 42. Rxe6 Rd8 43. Rxg6 Rd6 44. Rxd6 Kxd6 45. Kg2 Ke5 46. Kf3 Ba3 47. Kg4 Bc1 48. e4 Bb2 49. h4 Ke6 50. Kh5 Kf7 51. Bd5+ Ke7 52. Kg6 Bc3 53. Kf5 Kd6 54. Bc4 Bb2 55. h5 Ba1 56. Bb3 Bb2 57. Ba2 Ba1 58. Kg6 Ke7 59. Bc4 Bb2 60. Kh7 Kf8 61. Be2 Bc3 62. Bg4 Bb2 63. Kg6 Ke7 64. Kf5 Kd6 65. Bh3 Ba1 66. Bg2 Bb2 67. Kf4 Bc3 68. Ke3 Ba1 69. Kd3 Bb2 70. Bf3 Bc1 71. h6 gxh6 72. g6 Bb2 73. Ke3 Bg7 74. Kf4 Ke6 75. Bg4+ Kd6 76. Bh3 Be5+ 77. Kf5 Bg7 78. Kg4 Be5 79. Kh5 Bg7 80. Bg2 Ke5 81. Kh4 Kf4 82. Kh5 Ke5 83. Kg4 Kf6 84. Kh5 Ke5 1/2-1/2


[Site "https://www.chess.com"]

[Event "Titled Tuesday Blitz July 25 Early 2023"]
[White "Movahed, Sina"]
[Black "Plotkin, Mark"]
[WhiteFideId "42520835"]
[BlackFideId "2611651"]
[WhiteElo "2979"]
[BlackElo "2819"]
[Result "1-0"]
[Round "4"]
[TimeControl "180+2"]
[Date "2023.07.25"]
[WhiteClock "0:00:46"]
[BlackClock "0:00:17"]
[Board "11"]

1. Nf3 f5 2. c4 Nf6 3. Nc3 c6 4. d4 d5 5. Bf4 e6 6. e3 Bd6 7. Bxd6 Qxd6 8. Be2 O-O 9. O-O Nbd7 10. Rb1 Ne4 11. Qc2 b6 12. b4 Bb7 13. c5 Qc7 14. Rb2 b5 15. a4 a6 16. Ra1 Ndf6 17. Ne5 Nd7 18. Nxd7 Qxd7 19. Bf1 Rae8 20. axb5 axb5 21. Ra7 Rf7 22. Ne2 g5 23. Nc1 f4 24. exf4 gxf4 25. Nd3 Qc7 26. f3 Nf6 27. Rb1 Nd7 28. Re1 Qb8 29. Raa1 Rf5 30. Nf2 Nf6 31. Nd3 Nd7 32. Re2 Bc8 33. Rae1 Kf7 34. Nf2 Nf6 35. Ng4 Rg8 36. Nh6+ Kf8 37. Nxf5 exf5 38. Re5 Qc7 39. Qd2 Nh5 40. Re8+ Kf7 41. Rxg8 Kxg8 42. Re5 Kf7 43. Qe1 Qd8 44. Bd3 Qf6 45. Qa1 Ng7 46. Qa7+ Kg6 47. Qc7 Ba6 48. h4 Qxh4 49. Qxc6+ Kg5 50. Qxa6 Nh5 51. Rxf5# 1-0


[Site "https://www.chess.com"]

[Event "Titled Tuesday Blitz July 25 Early 2023"]
[White "Ashraf, Artin"]
[Black "Bok, Benjamin"]
[WhiteFideId "22514805"]
[BlackFideId "1017063"]
[WhiteElo "2805"]
[BlackElo "2965"]
[Result "0-1"]
[Round "4"]
[TimeControl "180+2"]
[Date "2023.07.25"]
[WhiteClock "0:00:02"]
[BlackClock "0:00:13"]
[Board "12"]

1. c4 Nf6 2. Nf3 e6 3. Nc3 d5 4. d4 c6 5. cxd5 exd5 6. Qc2 g6 7. Bg5 Be7 8. e3 Bf5 9. Bd3 Bxd3 10. Qxd3 Nbd7 11. O-O O-O 12. Rab1 a5 13. Bh6 Re8 14. h3 Bd6 15. Bf4 Qc7 16. Bxd6 Qxd6 17. Qc2 Kg7 18. a3 h6 19. Rfc1 Re7 20. b4 axb4 21. axb4 b5 22. Ne2 Ra6 23. Nf4 Ne4 24. Nd3 Re8 25. Nfe5 Nxe5 26. dxe5 Qe7 27. Ra1 Rea8 28. Qb2 Kh7 29. f3 Ng3 30. Nc5 Ne2+ 31. Kf1 Nxc1 32. Rxa6 Rxa6 33. Nxa6 Nd3 34. Qd4 Nxe5 35. Nc5 Nc4 36. e4 Qg5 37. Nd7 Qe3 38. Nf6+ Kg7 39. Ne8+ Kf8 40. Qh8+ Ke7 41. Qf6+ Kxe8 42. Qxc6+ Kf8 43. Qc5+ Qxc5 44. bxc5 dxe4 0-1


[Site "https://www.chess.com"]

[Event "Titled Tuesday Blitz July 25 Early 2023"]
[White "Anton Guijarro, David"]
[Black "Hambleton, Aman"]
[WhiteFideId "2285525"]
[BlackFideId "2606577"]
[WhiteElo "2959"]
[BlackElo "2804"]
[Result "1-0"]
[Round "4"]
[TimeControl "180+2"]
[Date "2023.07.25"]
[WhiteClock "0:01:00"]
[BlackClock "0:00:01"]
[Board "13"]

1. d4 Nf6 2. Nf3 e6 3. Bg5 h6 4. Bxf6 Qxf6 5. e4 d6 6. c3 Nd7 7. Bd3 e5 8. O-O g6 9. Na3 Bg7 10. Nc4 O-O 11. Re1 Qe7 12. a4 a5 13. Qb3 Re8 14. Rad1 Nf8 15. Ne3 c6 16. Qa3 Ne6 17. Bf1 Qc7 18. Nc4 exd4 19. Nxd6 Rd8 20. e5 dxc3 21. bxc3 Bf8 22. Bc4 b6 23. h4 c5 24. Qc1 Bxd6 25. exd6 Rxd6 26. Qxh6 Rxd1 27. Rxd1 Bd7 28. Bxe6 Bxe6 29. Ng5 Qe5 30. Qh7+ Kf8 31. Nxe6+ fxe6 32. Rd7 1-0


[Site "https://www.chess.com"]

[Event "Titled Tuesday Blitz July 25 Early 2023"]
[White "Kovalev, Vladislav"]
[Black "Nagy, Gabor"]
[WhiteFideId "13504398"]
[BlackFideId "737119"]
[WhiteElo "2959"]
[BlackElo "2800"]
[Result "1-0"]
[Round "4"]
[TimeControl "180+2"]
[Date "2023.07.25"]
[WhiteClock "0:00:12"]
[BlackClock "0:00:01"]
[Board "14"]

1. e4 c6 2. d4 d5 3. exd5 cxd5 4. Bd3 Nc6 5. c3 Qc7 6. h3 g6 7. Nf3 Bf5 8. Be2 Bg7 9. O-O Nf6 10. Be3 O-O 11. Nbd2 Ne4 12. Nxe4 Bxe4 13. Nd2 Bf5 14. Re1 Rfe8 15. a4 Rad8 16. Nb3 a6 17. a5 e5 18. dxe5 Qxe5 19. Qd2 Qd6 20. Bc5 Qb8 21. Bb6 Rd6 22. Bf3 Be4 23. Qf4 Be5 24. Qe3 Bg7 25. Rad1 h5 26. Nc5 f5 27. Bxe4 fxe4 28. f3 d4 29. Qf4 Be5 30. Qg5 dxc3 31. Nxe4 Rde6 32. bxc3 Bg7 33. Rd7 Qe5 34. Qxe5 Nxe5 35. Rxb7 g5 36. Nxg5 Nxf3+ 37. Nxf3 Rxe1+ 38. Nxe1 Rxe1+ 39. Kf2 Bxc3 40. Ra7 Ra1 41. Rxa6 Kf7 42. Ra8 Rb1 43. Be3 Rb2+ 44. Kf3 Rb3 45. Ke2 Ra3 46. a6 Kg7 47. a7 Bb4 48. Rc8 Ra2+ 49. Kf3 Ra3 50. a8=Q 1-0


[Site "https://www.chess.com"]

[Event "Titled Tuesday Blitz July 25 Early 2023"]
[White "qx4z"]
[Black "Terry, Renato"]
[BlackFideId "3803457"]
[WhiteElo "2791"]
[BlackElo "2953"]
[Result "0-1"]
[Round "4"]
[TimeControl "180+2"]
[Date "2023.07.25"]
[WhiteClock "0:00:13"]
[BlackClock "0:00:11"]
[Board "15"]

1. d4 d5 2. Bf4 Nf6 3. e3 e6 4. Nf3 Bd6 5. Ne5 O-O 6. Nd2 c5 7. c3 Nc6 8. Bd3 Qc7 9. Ndf3 b6 10. g4 Bb7 11. g5 Ne4 12. Rg1 Kh8 13. Nxc6 Bxf4 14. Nce5 Bxe5 15. Nxe5 f6 16. gxf6 gxf6 17. Ng4 Rg8 18. Bxe4 dxe4 19. Rg3 Rg6 20. Qe2 cxd4 21. exd4 Qf4 22. Ne3 Rag8 23. O-O-O f5 24. Kb1 Qh6 25. Qb5 Qf4 26. Qe2 a6 27. Rdg1 Qh4 28. Qc4 Qxh2 29. Rxg6 hxg6 30. Rxg6 Rxg6 0-1


[Site "https://www.chess.com"]

[Event "Titled Tuesday Blitz July 25 Early 2023"]
[White "Hovhannisyan, Robert"]
[Black "Tsaruk, Maksim"]
[WhiteFideId "13302507"]
[BlackFideId "13511173"]
[WhiteElo "2937"]
[BlackElo "2791"]
[Result "1-0"]
[Round "4"]
[TimeControl "180+2"]
[Date "2023.07.25"]
[WhiteClock "0:00:10"]
[BlackClock "0:00:09"]
[Board "16"]

1. e4 e5 2. Nc3 Nf6 3. Bc4 Nxe4 4. Qh5 Nd6 5. Qxe5+ Qe7 6. Qxe7+ Bxe7 7. Be2 c6 8. d4 Nf5 9. d5 Bf6 10. Nf3 O-O 11. Ne4 Bd8 12. O-O cxd5 13. Nc3 d4 14. Nb5 Nc6 15. Bd3 d5 16. Bxf5 Bxf5 17. Nfxd4 Bg6 18. Be3 Bf6 19. c3 Ne5 20. Nd6 Nc4 21. Nxc4 dxc4 22. Rfe1 Rfd8 23. a4 Rd5 24. Ne2 Bc2 25. a5 a6 26. Bd4 Bg5 27. Be3 Bd8 28. Bb6 Bxb6 29. axb6 Rd6 30. Nd4 Bd3 31. Re3 Rxb6 32. b4 h6 33. g4 Kh7 34. Kg2 Rf6 35. Kg3 g5 36. Ra5 b6 37. Ra3 a5 38. Re1 Kg7 39. Rea1 Rb8 40. bxa5 bxa5 41. f3 Rb2 42. Rxa5 Kg6 43. R5a2 Rbb6 44. Ra5 h5 45. gxh5+ Kxh5 46. h4 Rg6 47. Rh1 Rb1 48. Rxb1 Bxb1 49. f4 f6 50. hxg5 fxg5 51. Nf3 Kh6 52. Nxg5 Re6 53. Nxe6 Kg6 54. Nd4 Kf6 55. Rc5 Bd3 56. Re5 Kf7 57. Kf3 Kf6 58. Ke3 Kf7 59. Rc5 Bf1 60. Nb5 Bd3 61. Na3 Kf6 62. Nxc4 Bxc4 63. Rxc4 1-0


[Site "https://www.chess.com"]

[Event "Titled Tuesday Blitz July 25 Early 2023"]
[White "Aravindh, Chithambaram VR."]
[Black "Pakleza, Zbigniew"]
[WhiteFideId "5072786"]
[BlackFideId "1119290"]
[WhiteElo "2930"]
[BlackElo "2789"]
[Result "1-0"]
[Round "4"]
[TimeControl "180+2"]
[Date "2023.07.25"]
[WhiteClock "0:00:11"]
[BlackClock "0:00:03"]
[Board "17"]

1. Nf3 d5 2. e3 Nf6 3. c4 c6 4. b3 Bf5 5. Bb2 e6 6. Nc3 Nbd7 7. Be2 h6 8. O-O Be7 9. d4 O-O 10. h3 Ne4 11. Bd3 Ndf6 12. Ne2 a6 13. Ne5 Nd6 14. c5 Nb5 15. Bxf5 exf5 16. Nf4 Nc7 17. Qd3 g6 18. f3 Re8 19. g4 fxg4 20. fxg4 Ne4 21. Nxf7 Kxf7 22. Nxd5+ Nf6 23. Nf4 Rg8 24. e4 g5 25. Qc4+ Kg7 26. Nh5+ Nxh5 27. Qf7+ Kh8 28. Qxh5 Bf8 29. Rxf8 Qxf8 30. Rf1 Qg7 31. d5 Kh7 32. Bxg7 Rxg7 33. Rf6 1-0


[Site "https://www.chess.com"]

[Event "Titled Tuesday Blitz July 25 Early 2023"]
[White "Csonka, Balazs"]
[Black "Madaminov, Mukhiddin"]
[WhiteFideId "742910"]
[BlackFideId "14210703"]
[WhiteElo "2745"]
[BlackElo "2928"]
[Result "1/2-1/2"]
[Round "4"]
[TimeControl "180+2"]
[Date "2023.07.25"]
[WhiteClock "0:00:02"]
[BlackClock "0:00:06"]
[Board "18"]

1. d4 e6 2. Nf3 Nf6 3. c4 b6 4. g3 Ba6 5. Qc2 d5 6. cxd5 exd5 7. Bg2 Bb4+ 8. Bd2 Bd6 9. Bg5 O-O 10. O-O h6 11. Bxf6 Qxf6 12. Nc3 c6 13. Rfe1 Qd8 14. e4 dxe4 15. Qxe4 Bb7 16. Ne5 a6 17. Rad1 Ra7 18. Qg4 Ba8 19. Be4 Qg5 20. Qh3 Rc7 21. f4 Qd8 22. g4 Nd7 23. g5 Nxe5 24. dxe5 Bc5+ 25. Kh1 Qc8 26. Bf5 Qe8 27. gxh6 g6 28. Ne4 Be7 29. Nd6 c5+ 30. Kg1 Qa4 31. Be4 Bxe4 32. Nxe4 Kh7 33. Rd3 Qxa2 34. f5 gxf5 35. Qxf5+ Kh8 36. Rg3 Qe6 37. Qxe6 fxe6 38. Rg7 Bd8 39. Ng5 Re8 40. Nf7+ Rxf7 41. Rxf7 Bg5 42. Rb7 Bxh6 43. Rxb6 a5 44. Rb5 Kg7 45. Re4 Bd2 46. Rxc5 Bb4 47. Rb5 Kg6 48. Rbxb4 axb4 49. Rxb4 Kf5 50. Rb5 Rc8 51. Kf2 Rc2+ 52. Kg3 Kg5 53. Rb6 Kf5 54. Rb5 Kg5 55. h3 Rd2 56. Rb3 Kf5 57. Rb5 Rd3+ 58. Kh4 Rd4+ 59. Kh5 Rd8 60. Kh6 Rh8+ 61. Kg7 Rxh3 62. Kf7 Rh7+ 63. Ke8 Ra7 64. b4 Ke4 65. Kf8 Kd4 66. Ke8 Kc4 67. Rc5+ Kd4 68. Rb5 Rc7 69. Kd8 Ra7 70. Ke8 1/2-1/2


[Site "https://www.chess.com"]

[Event "Titled Tuesday Blitz July 25 Early 2023"]
[White "De Silva, L M S T"]
[Black "Tari, Aryan"]
[WhiteFideId "9953698"]
[BlackFideId "1510045"]
[WhiteElo "2737"]
[BlackElo "2916"]
[Result "0-1"]
[Round "4"]
[TimeControl "180+2"]
[Date "2023.07.25"]
[WhiteClock "0:02:21"]
[BlackClock "0:01:57"]
[Board "19"]

1. e4 e5 2. Nf3 Nc6 3. Bb5 Nge7 4. O-O Ng6 5. d4 exd4 6. Nxd4 Bc5 7. Be3 Bxd4 8. Bxd4 Nxd4 9. Qxd4 Qg5 10. Nc3 Nh4 0-1


[Site "https://www.chess.com"]

[Event "Titled Tuesday Blitz July 25 Early 2023"]
[White "Klekowski, Maciej"]
[Black "Galchenko, Matvey"]
[WhiteFideId "1132717"]
[BlackFideId "24175480"]
[WhiteElo "2732"]
[BlackElo "2902"]
[Result "0-1"]
[Round "4"]
[TimeControl "180+2"]
[Date "2023.07.25"]
[WhiteClock "0:00:04"]
[BlackClock "0:00:08"]
[Board "20"]

1. c4 e6 2. Nf3 d5 3. e3 Nf6 4. b3 a6 5. Bb2 dxc4 6. bxc4 c5 7. g3 Nc6 8. Bg2 Be7 9. O-O Qc7 10. Qe2 O-O 11. Nc3 b6 12. Rac1 Bb7 13. Rfd1 Rfd8 14. d4 cxd4 15. exd4 Na5 16. d5 Qxc4 17. dxe6 Qxe6 18. Qxe6 fxe6 19. Ng5 Bxg2 20. Kxg2 Nc4 21. Ba1 Ba3 22. Rc2 Rxd1 23. Nxd1 b5 24. Nxe6 Re8 25. Nc7 Re1 26. Bxf6 Rxd1 27. Bg5 Rd6 28. Re2 h6 29. Re8+ Kf7 30. Re7+ Kf8 31. Re8+ Kf7 32. Bf4 Rc6 33. Rd8 g5 34. Rd7+ Kg6 35. Nd5 gxf4 36. Nxf4+ Kf6 37. Rh7 Ke5 38. h4 a5 39. h5 b4 40. Ng6+ Kd4 41. Rxh6 a4 42. Rh8 b3 43. axb3 axb3 44. Rd8+ Kc3 45. Nf4 b2 46. Rd1 Kc2 47. Rh1 b1=Q 48. Rxb1 Kxb1 49. g4 Bc1 50. Ne2 Bd2 51. Nd4 Rb6 52. Kf3 Kb2 53. Ke4 Kc3 54. Ne2+ Kc2 55. Nd4+ Kc3 56. Ne2+ Kb4 57. f4 Re6+ 58. Kf3 Re3+ 59. Kf2 Nd6 60. h6 Ne4+ 61. Kf1 Rh3 62. g5 Nxg5 63. Kg2 Rxh6 64. fxg5 Bxg5 65. Kf3 Re6 66. Nd4 Rd6 67. Nf5 Rf6 68. Ke4 Bc1 69. Ke5 Bb2+ 70. Ke4 Kc5 71. Ne3 Re6+ 72. Kd3 Bd4 73. Nf5 Bf2 74. Kd2 Kd5 75. Kd3 Ke5 76. Ng7 Re7 77. Nh5 Rh7 0-1


[Site "https://www.chess.com"]

[Event "Titled Tuesday Blitz July 25 Early 2023"]
[White "Iturrizaga Bonelli, Eduardo"]
[Black "Weetik, Vjacheslav"]
[WhiteFideId "3901211"]
[BlackFideId "4153472"]
[WhiteElo "2894"]
[BlackElo "2688"]
[Result "1-0"]
[Round "4"]
[TimeControl "180+2"]
[Date "2023.07.25"]
[WhiteClock "0:01:11"]
[BlackClock "0:00:06"]
[Board "21"]

1. c4 e5 2. g3 Nf6 3. Bg2 d5 4. cxd5 Nxd5 5. Nf3 Nc6 6. O-O Nb6 7. b3 Bd6 8. Bb2 O-O 9. Nc3 Re8 10. d3 Bg4 11. Rc1 Qd7 12. Re1 Nd4 13. Nd2 c6 14. a3 Rad8 15. b4 h5 16. Nce4 Bf8 17. Nb3 Na4 18. Ba1 Nb6 19. Nbc5 Qc8 20. a4 a6 21. Nc3 h4 22. Rb1 hxg3 23. hxg3 Rd6 24. Qd2 Rh6 25. N3e4 Nd5 26. Ng5 b6 27. Nce4 f5 28. Nc3 Bxb4 29. Bxd5+ cxd5 30. Rxb4 f4 31. Qa2 Qf5 32. Qxd5+ Kh8 33. Nf7+ Kh7 34. Nxh6 Qh5 35. Nxg4 Qxg4 36. Rxd4 1-0


[Site "https://www.chess.com"]

[Event "Titled Tuesday Blitz July 25 Early 2023"]
[White "ArtemDyachuk"]
[Black "Kovalenko, Igor"]
[BlackFideId "14117908"]
[WhiteElo "2603"]
[BlackElo "2888"]
[Result "1-0"]
[Round "4"]
[TimeControl "180+2"]
[Date "2023.07.25"]
[WhiteClock "0:00:02"]
[BlackClock "0:00:03"]
[Board "22"]

1. e4 c5 2. Nf3 e6 3. d4 cxd4 4. Nxd4 Nf6 5. Nc3 Nc6 6. Be2 Bb4 7. O-O d6 8. Ndb5 a6 9. Nd4 O-O 10. Be3 Bxc3 11. bxc3 Nxe4 12. Nxc6 bxc6 13. Qd4 d5 14. Bf3 c5 15. Qd3 c4 16. Qd4 Nd6 17. Bf4 Nf5 18. Qc5 Bd7 19. Rab1 Ba4 20. Rb2 Qf6 21. Bd2 Nh4 22. Bd1 h6 23. Rb4 Rfc8 24. Qd6 Be8 25. Rb7 a5 26. Qg3 Nf5 27. Qf3 Rab8 28. Ra7 Bc6 29. Rxa5 Qg6 30. Qg4 Kh7 31. Qxg6+ Kxg6 32. Bf3 Rb2 33. Rc1 Rcb8 34. Kf1 Nh4 35. Ke2 Rb1 36. Be3 Rxc1 37. Bxc1 Rb1 38. Kd2 Nxf3+ 39. gxf3 Kf6 40. Rc5 Bd7 41. Rc7 Ke7 42. Ra7 f5 43. Ba3+ Ke8 44. Bc5 Rb8 45. Bd4 g5 46. Be5 Rc8 47. a4 Ke7 48. a5 h5 49. a6 Rc6 50. Ra8 Rc8 51. Ra7 g4 52. fxg4 hxg4 53. Ke3 Rc6 54. Kd4 Kd8 55. Ra8+ Bc8 56. a7 Ra6 57. Kc5 Kd7 58. Kb5 Ra2 59. Bd4 Bb7 60. Rh8 Bc6+ 61. Kc5 Kc7 62. Rh7+ Bd7 63. Be5+ Kc8 64. Bb8 1-0


[Site "https://www.chess.com"]

[Event "Titled Tuesday Blitz July 25 Early 2023"]
[White "Harsha Bharathakoti"]
[Black "Richter, Paul"]
[WhiteFideId "5078776"]
[BlackFideId "2046350"]
[WhiteElo "2879"]
[BlackElo "2557"]
[Result "1-0"]
[Round "4"]
[TimeControl "180+2"]
[Date "2023.07.25"]
[WhiteClock "0:00:37"]
[BlackClock "0:00:19"]
[Board "23"]

1. Nf3 Nf6 2. b3 g6 3. Bb2 Bg7 4. g3 O-O 5. Bg2 d6 6. d4 Nbd7 7. O-O Re8 8. a4 c6 9. Nbd2 Qc7 10. Nc4 b6 11. Re1 Ba6 12. Ncd2 e5 13. e4 Rad8 14. c4 exd4 15. Bxd4 Nc5 16. Qc2 Bc8 17. h3 a5 18. Rad1 Re7 19. Qc3 Nh5 20. Bxg7 Nxg7 21. Nd4 Bb7 22. Re3 Rde8 23. Rde1 Qd7 24. Nf1 Nge6 25. Nf3 Qc7 26. N1h2 Nd7 27. Ng4 h5 28. Nh6+ Kh7 29. Nf5 Ne5 30. Nxe7 Nxf3+ 31. Bxf3 Qxe7 32. h4 Kg8 33. Bg2 Nc5 34. e5 Qd8 35. exd6 Rxe3 36. Rxe3 Qxd6 37. Re8+ 1-0


[Site "https://www.chess.com"]

[Event "Titled Tuesday Blitz July 25 Early 2023"]
[White "Giri, Anish"]
[Black "Ozates, Tuna"]
[WhiteFideId "24116068"]
[BlackFideId "6354521"]
[WhiteElo "3060"]
[BlackElo "2586"]
[Result "1/2-1/2"]
[Round "4"]
[TimeControl "180+2"]
[Date "2023.07.25"]
[WhiteClock "0:00:17"]
[BlackClock "0:00:32"]
[Board "24"]

1. e4 c5 2. Nf3 Nc6 3. Bb5 g6 4. Bxc6 bxc6 5. O-O Bg7 6. Re1 Nh6 7. c3 O-O 8. d4 cxd4 9. cxd4 d5 10. e5 f6 11. Nbd2 g5 12. e6 Qd6 13. Qe2 g4 14. Nh4 f5 15. Nb3 f4 16. g3 f3 17. Qe3 Nf5 18. Nxf5 Rxf5 19. Nc5 Rh5 20. h3 Rxh3 21. Qf4 Qxf4 22. Bxf4 Bxd4 23. Rac1 Bxb2 24. Rc2 Bd4 25. Nb3 Bb6 26. Re5 h6 27. Nc5 Bxc5 28. Rxc5 Rb8 29. Rxc6 Rb1+ 30. Rc1 Rxc1+ 31. Bxc1 Kg7 32. Bb2 Kg6 33. Rxd5 Rh5 34. Rxh5 Kxh5 35. Bd4 Bxe6 36. Bxa7 Bxa2 37. Bc5 e5 38. Bd6 e4 39. Bf4 Kg6 40. Be3 h5 41. Bf4 Kf5 42. Be3 Bc4 43. Kh2 Be2 44. Kg1 Ke6 45. Kh2 Kd5 46. Kg1 Kc4 47. Kh2 Kd3 48. Kg1 Kc2 49. Bd4 Kd1 50. Be3 Bc4 51. Bd4 Ke2 52. Bc5 Kd3 53. Be7 Be6 54. Bg5 Kc4 55. Kh2 Kd5 56. Kg1 Kc6 57. Kh2 Kd7 58. Kg1 Ke8 59. Kh2 Kf7 60. Kg1 Kg6 61. Bh4 Bc4 62. Bd8 Kf5 63. Be7 Ke5 64. Bd8 Kd4 65. Bb6+ Kd3 66. Bc5 Ke2 67. Bb6 Ke1 68. Ba5+ Ke2 69. Bb6 Kd3 70. Bc5 Bd5 71. Bb6 Be6 72. Bc5 Kc4 73. Bb6 Kd5 74. Be3 Kc6 75. Bf4 Kd7 76. Be3 Ke8 77. Bd4 Kf7 78. Bc5 Kg6 79. Be7 Kf5 80. Bd8 Kg6 81. Be7 Kf7 82. Bd8 Kg6 83. Be7 1/2-1/2


[Site "https://www.chess.com"]

[Event "Titled Tuesday Blitz July 25 Early 2023"]
[White "Kramnik, Vladimir"]
[Black "Amilal Munkhdalai"]
[WhiteFideId "4101588"]
[BlackFideId "4903250"]
[WhiteElo "2984"]
[BlackElo "2736"]
[Result "1-0"]
[Round "4"]
[TimeControl "180+2"]
[Date "2023.07.25"]
[WhiteClock "0:00:56"]
[BlackClock "0:00:29"]
[Board "25"]

1. e4 c5 2. Nf3 Nc6 3. c3 d5 4. exd5 Qxd5 5. Na3 Bg4 6. Be2 e6 7. h3 Bh5 8. O-O Nf6 9. d4 cxd4 10. Nb5 Rc8 11. Nbxd4 Nxd4 12. Nxd4 Bxe2 13. Qxe2 Bc5 14. Rd1 O-O 15. Nb3 Qc6 16. Nxc5 Qxc5 17. Be3 Qa5 18. Bd4 Rfd8 19. Bxf6 gxf6 20. Qf3 f5 21. Qxb7 Rb8 22. Rxd8+ Qxd8 23. Qxa7 Rxb2 24. a4 Qd3 25. Qd4 Qe2 26. a5 Rd2 27. Qe3 Rd1+ 28. Rxd1 Qxd1+ 29. Kh2 Qa4 30. Qg3+ Kf8 31. Qd6+ Ke8 32. a6 h5 33. Qb8+ 1-0


[Site "https://www.chess.com"]

[Event "Titled Tuesday Blitz July 25 Early 2023"]
[White "NikaVolkov"]
[Black "Svane, Rasmus"]
[BlackFideId "4657101"]
[WhiteElo "2713"]
[BlackElo "2979"]
[Result "1-0"]
[Round "4"]
[TimeControl "180+2"]
[Date "2023.07.25"]
[WhiteClock "0:00:19"]
[BlackClock "0:00:14"]
[Board "26"]

1. d4 d5 2. c4 e6 3. Nc3 a6 4. Nf3 dxc4 5. a4 Nf6 6. e3 c5 7. Bxc4 Nc6 8. O-O Be7 9. Qe2 O-O 10. Rd1 Qc7 11. b3 b6 12. Bb2 cxd4 13. exd4 Nb4 14. Rac1 Bb7 15. d5 Bc5 16. dxe6 fxe6 17. Ng5 Ng4 18. Bxe6+ Kh8 19. Qxg4 Rxf2 20. Nce4 Rxb2+ 21. Rxc5 bxc5 22. Nf7+ Kg8 23. Ne5+ Kf8 24. Qf5+ Ke8 25. Bd7+ Kd8 26. Qg5# 1-0


[Site "https://www.chess.com"]

[Event "Titled Tuesday Blitz July 25 Early 2023"]
[White "Panesar Vedant"]
[Black "Indjic, Aleksandar"]
[WhiteFideId "35033018"]
[BlackFideId "911925"]
[WhiteElo "2704"]
[BlackElo "2966"]
[Result "1/2-1/2"]
[Round "4"]
[TimeControl "180+2"]
[Date "2023.07.25"]
[WhiteClock "0:00:06"]
[BlackClock "0:00:05"]
[Board "27"]

1. Nf3 b6 2. e4 Bb7 3. Nc3 Nf6 4. e5 Ne4 5. Bc4 e6 6. Nxe4 Bxe4 7. O-O Nc6 8. Re1 Bxf3 9. Qxf3 g6 10. c3 Bg7 11. d4 O-O 12. Bb5 Ne7 13. Bg5 c6 14. Bd3 Qe8 15. h4 f6 16. exf6 Bxf6 17. Bxf6 Nd5 18. h5 Rxf6 19. Qg3 Nf4 20. hxg6 hxg6 21. Re5 Qf7 22. Bc2 Kg7 23. Rae1 Rh8 24. f3 Nh5 25. Qg5 Rh6 26. a4 Nf4 27. a5 b5 28. Qg4 Nd5 29. Rg5 Ne7 30. Qg3 Nd5 31. Qe5 Qf8 32. Bb3 d6 33. Qe4 a6 34. Bxd5 cxd5 35. Qg4 Qf7 36. Qg3 Qe7 37. Rg4 Kf7 38. Rf4 Rf5 39. Rxf5+ gxf5 40. Qf4 Rg6 41. Kf2 Qg5 42. Qxg5 Rxg5 43. Rh1 Kg7 44. Rh4 Rg6 45. g3 Rf6 46. Ke3 e5 47. Rh5 Rf8 48. Rg5+ Kf6 49. Rh5 Kg6 50. Rh4 Rb8 51. dxe5 dxe5 52. f4 e4 53. Kd4 b4 54. Kxd5 bxc3 55. bxc3 Rb5+ 56. Kd4 Rxa5 57. g4 Ra1 58. gxf5+ Kxf5 59. c4 Rd1+ 60. Ke3 Rd3+ 61. Ke2 Rc3 62. c5 a5 63. Kd2 Rc4 64. Ke3 Rc3+ 65. Kd2 Rd3+ 66. Ke2 a4 67. c6 Rc3 68. Rh5+ Kxf4 69. Ra5 Rc2+ 70. Kd1 Rxc6 71. Rxa4 Kf3 72. Ra8 Rb6 73. Rf8+ Ke3 74. Re8 Rb1+ 75. Kc2 Re1 76. Rh8 Kf3 77. Rh3+ Kg2 78. Kd2 Ra1 79. Re3 Ra4 80. Ke2 Rd4 81. Rc3 Rd3 82. Rxd3 exd3+ 83. Kxd3 1/2-1/2


[Site "https://www.chess.com"]

[Event "Titled Tuesday Blitz July 25 Early 2023"]
[White "Sjugirov, Sanan"]
[Black "Suyarov, Mukhammadzokhid"]
[WhiteFideId "4189302"]
[BlackFideId "14210495"]
[WhiteElo "2938"]
[BlackElo "2726"]
[Result "0-1"]
[Round "4"]
[TimeControl "180+2"]
[Date "2023.07.25"]
[WhiteClock "0:00:01"]
[BlackClock "0:00:12"]
[Board "28"]

1. e4 e6 2. d4 d5 3. e5 c5 4. c3 Nc6 5. Nf3 Bd7 6. Be2 f6 7. O-O fxe5 8. Nxe5 Nxe5 9. dxe5 Ne7 10. Bf4 Qb6 11. Qd2 Ng6 12. Bg3 Be7 13. c4 d4 14. Bd3 Bc6 15. Qc2 O-O-O 16. Nd2 Nh4 17. Bxh4 Bxh4 18. Ne4 Be7 19. a3 Qc7 20. f4 Bxe4 21. Bxe4 g5 22. fxg5 Bxg5 23. b4 Qxe5 24. Qd3 Be3+ 25. Kh1 Rhf8 26. Rab1 cxb4 27. axb4 Kb8 28. c5 h5 29. Bf3 h4 30. Qb5 Qc7 31. Be4 h3 32. gxh3 Rxf1+ 33. Rxf1 d3 34. c6 d2 35. Qe2 Qf4 36. Bf3 bxc6 37. b5 c5 38. b6 a6 39. Rd1 Rf8 40. Bg2 c4 41. Ra1 Qf2 42. Qxc4 Qe1+ 43. Bf1 Rxf1+ 44. Qxf1 Bd4 45. Rd1 Bc3 0-1


[Site "https://www.chess.com"]

[Event "Titled Tuesday Blitz July 25 Early 2023"]
[White "Megaranto, Susanto"]
[Black "Timerkhanov, Alexander"]
[WhiteFideId "7101384"]
[BlackFideId "24177938"]
[WhiteElo "2929"]
[BlackElo "2684"]
[Result "1-0"]
[Round "4"]
[TimeControl "180+2"]
[Date "2023.07.25"]
[WhiteClock "0:01:44"]
[BlackClock "0:00:30"]
[Board "29"]

1. e4 c5 2. Nf3 a6 3. c3 d5 4. exd5 Qxd5 5. d4 e6 6. Be2 Nf6 7. O-O Nc6 8. Be3 cxd4 9. cxd4 Be7 10. Nc3 Qd6 11. Bd3 O-O 12. Rc1 b5 13. Ne4 Nxe4 14. Bxe4 Bb7 15. Ne5 Nxe5 16. Bxb7 Rab8 17. dxe5 Qxd1 18. Rfxd1 Rxb7 19. Rc6 a5 20. f4 g6 21. Kf2 Kg7 22. Kf3 a4 23. g4 Rd8 24. Rxd8 Bxd8 25. f5 gxf5 26. gxf5 Bc7 27. Ke4 exf5+ 28. Kxf5 h5 29. h3 Bb8 30. Rc8 b4 31. Bg5 Bxe5 32. Kxe5 Rb5+ 33. Kf4 b3 34. a3 Rd5 35. Rc6 Rd2 36. Bf6+ Kh7 37. Bc3 Rd3 38. h4 1-0


[Site "https://www.chess.com"]

[Event "Titled Tuesday Blitz July 25 Early 2023"]
[White "Becerra Rivero, Julio"]
[Black "Nagare Kaivalya Sandip"]
[WhiteFideId "3501728"]
[BlackFideId "25957929"]
[WhiteElo "2874"]
[BlackElo "2665"]
[Result "1-0"]
[Round "4"]
[TimeControl "180+2"]
[Date "2023.07.25"]
[WhiteClock "0:00:45"]
[BlackClock "0:00:08"]
[Board "30"]

1. e4 c5 2. Nf3 d6 3. c3 Nf6 4. Be2 Nc6 5. d4 e5 6. dxe5 dxe5 7. Qxd8+ Kxd8 8. Bg5 h6 9. Bxf6+ gxf6 10. Nh4 Be6 11. Nd2 Kc7 12. g4 Ne7 13. h3 Ng6 14. Nxg6 fxg6 15. Bc4 Bd7 16. Ke2 h5 17. f3 Bh6 18. Rag1 Bf4 19. Bd5 Rh6 20. gxh5 g5 21. h4 Rah8 22. hxg5 Rxh5 23. Rxh5 Rxh5 24. Nf1 fxg5 25. b3 g4 26. fxg4 Rh3 27. g5 Rxc3 28. g6 Rc2+ 29. Kd3 Rf2 30. g7 Bb5+ 31. Bc4 1-0


[Site "https://www.chess.com"]